 Dungeon Crawl Stone Soup version 0.31-a0-473-g61b50ae490 (webtiles) character file.

Game seed: 7012221018420391903

6107 arthad the Conjurer (level 10, 0/68 HPs)
             Began as a Demonspawn Fire Elementalist on Aug 6, 2023.
             Was a Follower of Vehumet.
             Slain by Maggie
             ... wielding a +1 glaive of flaming
              (3 damage)
             ... on level 9 of the Dungeon on Aug 7, 2023.
             The game lasted 00:24:40 (8454 turns).

arthad the Conjurer (Demonspawn Fire Elementalist)  Turns: 8454, Time: 00:24:40

Health: 0/68       AC:  6    Str: 14    XL:     10   Next: 58%
Magic:  13/20      EV: 14    Int: 19    God:    Vehumet [*.....]
Gold:   430        SH:  0    Dex: 12    Spells: 15/22 levels left

rFire   . . .        r - +2 quarterstaff (chaos)
rCold   . . .        (shield currently unavailable)
rNeg    . . .        a - +0 robe
rPois   +            t - +0 helmet
rElec   .            s - +0 cloak
rCorr   .            w - +0 pair of gloves
SInv    .            (no boots)
Will    .....        H - amulet of magic regeneration
Stlth   +++          A - ring of poison resistance
HPRegen 1.11/turn    (no ring)
MPRegen 0.74/turn

%: no passive effects
@: mesmerised, very slightly contaminated
A: icemail 1, magic regeneration, sharp scales 1, condensation shield,
regeneration 1, strong 1
a: Renounce Religion


You were on level 9 of the Dungeon.
You worshipped Vehumet.
Vehumet was aware of your devotion.
You visited 2 branches of the dungeon, and saw 10 of its levels.

You collected 430 gold pieces.

Inventory:

Hand Weapons
 b - a +6 hand axe of venom
 r - a +2 quarterstaff of chaos (weapon)
Missiles
 j - 11 poisoned darts
Armour
 a - a +0 robe (worn)
 s - a +0 cloak (worn)
 t - a +0 helmet (worn)
 w - a +0 pair of gloves (worn)
Magical Staves
 J - a staff of death
Jewellery
 m - an amulet of regeneration
 A - a ring of poison resistance (left hand)
 E - a ring of ice
 H - an amulet of magic regeneration (around neck)
Talismans
 q - a storm talisman
Wands
 h - a wand of digging (4)
 C - a wand of mindburst (14)
 D - a wand of charming (4)
Scrolls
 d - 3 scrolls of identify
 f - 2 scrolls of revelation {unknown}
 i - 3 scrolls of noise {unknown}
 k - 3 scrolls of poison {unknown}
 l - 2 scrolls of enchant weapon {unknown}
 o - 2 scrolls of immolation {unknown}
 y - 2 scrolls of vulnerability {unknown}
 z - 2 scrolls of fear {unknown}
 B - a scroll of teleportation {unknown}
 I - a scroll of brand weapon {unknown}
Potions
 c - 4 potions of lignification
 e - 5 potions of curing
 g - a potion of mutation
 n - 2 potions of degeneration {unknown}
 p - 3 potions of haste {unknown}
 u - a potion of might {unknown}
 v - 2 potions of brilliance {unknown}
 x - 3 potions of enlightenment {unknown}
 F - a potion of attraction {unknown}
 G - a potion of heal wounds {unknown}


   Skills:
 + Level 2.5 Fighting
 + Level 2.3 Armour
 + Level 6.2 Dodging
 + Level 6.7 Stealth
 * Level 6.8 Spellcasting
 * Level 7.2 Conjurations
 * Level 7.1 Fire Magic


You had 15 spell levels left.
You knew the following spells:

 Your Spells              Type           Power      Damage    Failure   Level
a - Foxfire               Conj/Fire      100%       2x1d9     1%          1
b - Scorch                Fire           66%        2d7       1%          2
c - Flame Wave            Conj/Fire      33%        2d10      5%          4

Your spell library contained the following spells:

 Spells                   Type           Power      Damage    Failure   Level
 Freeze                   Ice            24%        1d4       11%         1
 Inner Flame              Hex/Fire       20%        N/A       7%          3
 Stone Arrow              Conj/Erth      40%        3d9       7%          3
 Volatile Blastmotes      Fire/Tloc      40%        2d13      7%          3
 Sandblast                Erth           12%        2d6       11%         1
 Ignite Poison            Fire/Tmut/Pois 15%        N/A       12%         3
 Cigotuvi's Dreadful Rot  Necr/Pois/Air  12%        N/A       16%         2
 Passwall                 Tmut/Erth      5%         N/A       16%         2
 Wereblood                Tmut           6%         N/A       16%         2
 Iskenderun's Mystic Bla  Conj/Tloc      20%        2d6       22%         4
 Gell's Gravitas          Tloc           6%         N/A       30%         3
 Portal Projectile        Hex/Tloc       12%        N/A       30%         3
 Teleport Other           Tloc           6%         N/A       30%         3
 Tukima's Dance           Hex            6%         N/A       30%         3
 Irradiate                Conj/Tmut      10%        3d15      54%         5
 Freezing Cloud           Conj/Ice/Air   7%         6-21      71%         5
 Dispersal                Tloc           3%         N/A       100%        6


Dungeon Overview and Level Annotations

Branches:
Dungeon (9/15)             Temple (1/1) D:7
   Lair: D:8-11         Orc: D:9-12

Altars:
Ashenzari
Cheibriados
Dithmenos
Fedhas
Gozag
Hepliaklqana
Kikubaaqudgha
Makhleb
Nemelex Xobeh
Okawaru
Qazlal
Ru
Sif Muna
Trog
Uskayaw
Vehumet
Wu Jian
Xom
Yredelemnul

Shops:
D:1 *   D:3 =

Annotations:
D:8 2 transporters, GiantSquids's ghost, novice OpSh
D:9 2 transporters, Maggie


Innate Abilities, Weirdness & Mutations

A meltable icy envelope protects you from harm. (AC +0)
You regenerate magic rapidly.
You are partially covered in razor-sharp scales. (AC +1, Slay +1)
A meltable shield of frost defends you. (SH +0)
Your natural rate of healing is unusually fast.
Your muscles are strong. (Str +4, Int/Dex -1)


Message History

Your icy defences dissipate!
A wave of flame ripples out!
The flame wave engulfs the yak!
The yak is almost dead.
The flame wave engulfs the yak!
The yak is severely wounded.
The flame wave engulfs Maggie.
Maggie is moderately wounded.
The yak gores you!
* * * LOW HITPOINT WARNING * * *
The yak closely misses you. Maggie closely misses you.
A wave of flame ripples out!
The flame wave engulfs the yak!!
You kill the yak!
Vehumet accepts your kill.
The flame wave engulfs the yak!
You kill the yak!
Vehumet accepts your kill.
The flame wave engulfs Maggie.
Maggie is moderately wounded.
The flame wave engulfs the yak!
The yak is moderately wounded.
The flame wave engulfs the yak.
The yak is heavily wounded.
You finish channelling waves of flame.
Maggie hits you from afar with a +1 glaive of flaming.
* * * LOW HITPOINT WARNING * * *
Maggie burns you.
* * * LOW HITPOINT WARNING * * *
Aiming: Charm
Press: ? - help, Shift-Dir - straight line, f - yak
Aim: a yak (moderately wounded, chance to affect: 49%)
The yak resists with some effort.
Maggie hits you from afar with a +1 glaive of flaming.
* * * LOW HITPOINT WARNING * * *
Maggie burns you.
* * * LOW HITPOINT WARNING * * *
You feel better. The yak closely misses you.
Maggie hits you from afar with a +1 glaive of flaming!!
* * * LOW HITPOINT WARNING * * *
Maggie burns you.
You die...

#...........##....######.....
######.#######........##.....
#._.######........##.....
##.###................... ###
#...................
#............#......
..#..........# .....
#.#.Y#.......#... ..
#@.@Y#?....... ##.#.(.....##.
#..##...##....
#.###............. .< #.....
....... ... ##.....#.>.g..
... .........Y...
..........Y.. .....).).


You could see Maggie (mesmerising) and 2 yaks.

Vanquished Creatures
  Pikel (D:7)
  Grinder (D:3)
  A hornet (D:8)
  8 yaks
  A wyvern (D:9)
  A steam dragon (D:7)
  Grum (D:8)
  Edmund (D:5)
  Menkaure (D:4)
  A water moccasin (D:7)
  Duvessa (D:7)
  An orc warrior (D:9)
  A black bear (D:6)
  An ice beast (D:6)
  An ogre (D:7)
  4 wolves (D:8)
  A centaur (D:9)
  A phantom (D:6)
  2 lemures (D:7)
  3 bullfrogs
  2 gnoll sergeants
  A scorpion (D:5)
  7 wights
  Dowan (D:7)
  5 killer bees (D:8)
  3 hounds
  4 orc priests
  A sleepcap (D:6)
  Crazy Yiuf (D:2)
  4 jellies
  A gnoll bouda (D:8)
  Terence (D:3)
  Jessica (D:3)
  4 iguanas
  6 orc wizards
  Robin (D:3)
  12 gnolls
  9 adders
  A shadow imp (D:5)
  A worm (D:3)
  2 dart slugs
  26 orcs
  8 endoplasms
  5 giant cockroaches
  20 goblins
  8 hobgoblins
  7 jackals
  5 kobolds
  8 ball pythons
  4 bats
  2 frilled lizards (D:1)
  5 rats
199 creatures vanquished.

Vanquished Creatures (collateral kills)
  2 yaks (D:9)
2 creatures vanquished.

Vanquished Creatures (others)
  A yak (D:9)
  717 foxfires
718 creatures vanquished.

Grand Total: 919 creatures vanquished

Notes
Turn   | Place    | Note
-------+----------+-------------------------------------------
     0 | D:1      | arthad the Demonspawn Fire Elementalist began the quest for
                  | the Orb.
     0 | D:1      | Reached XP level 1. HP: 13/13 MP: 3/3
   309 | D:1      | Gained mutation: You regenerate magic rapidly. [demonic
                  | ancestry]
   309 | D:1      | Reached XP level 2. HP: 19/19 MP: 0/5
   442 | D:1      | Found Essiagaf's General Store.
   601 | D:1      | Reached XP level 3. HP: 24/24 MP: 3/6
   629 | D:1      | Learned a level 2 spell: Scorch
   835 | D:1      | You fall into a shaft and drop 1 floor!
  1085 | D:2      | Reached XP level 4. HP: 30/30 MP: 5/7
  1599 | D:2      | Found a faded altar of an unknown god.
  1926 | D:2      | Found a runed translucent door.
  1927 | D:2      | Noticed Crazy Yiuf
  2039 | D:2      | Learned a level 4 spell: Flame Wave
  2042 | D:2      | Killed Crazy Yiuf
  2043 | D:2      | Gained mutation: You are partially covered in razor-sharp
                  | scales. (AC +1, Slay +1) [demonic ancestry]
  2043 | D:2      | Reached XP level 5. HP: 35/35 MP: 2/9
  2224 | D:3      | Noticed Robin
  2253 | D:3      | Killed Robin
  2307 | D:3      | Found Honaneh's Jewellery Boutique.
  2437 | D:3      | Noticed Jessica
  2529 | D:3      | Killed Jessica
  2764 | D:3      | Noticed Terence
  2779 | D:3      | Killed Terence
  2780 | D:3      | Reached XP level 6. HP: 6/41 MP: 4/10
  2963 | D:3      | Noticed Grinder
  2974 | D:3      | Killed Grinder
  3119 | D:3      | Reached XP level 7. HP: 46/46 MP: 5/12
  3387 | D:4      | Found a blossoming altar of Fedhas.
  3645 | D:4      | Found a stormy altar of Qazlal.
  3980 | D:4      | Noticed Menkaure
  3990 | D:4      | Killed Menkaure
  4099 | D:4      | Found a shimmering blue altar of Sif Muna.
  4340 | D:5      | Entered Level 5 of the Dungeon
  4377 | D:5      | Found a hazy altar of Hepliaklqana.
  4731 | D:5      | Noticed Edmund
  4763 | D:5      | Gained mutation: Your muscles are strong. (Str +4, Int/Dex
                  | -1) [potion of mutation]
  4763 | D:5      | Gained mutation: Your natural rate of healing is unusually
                  | fast. [potion of mutation]
  4813 | D:5      | Killed Edmund
  4814 | D:5      | Reached XP level 8. HP: 46/52 MP: 3/14
  5510 | D:6      | Reached skill level 5 in Fire Magic
  5955 | D:6      | Reached skill level 5 in Stealth
  6151 | D:7      | Reached skill level 5 in Conjurations
  6214 | D:7      | Reached skill level 5 in Spellcasting
  6306 | D:7      | Found a sparkling altar of Nemelex Xobeh.
  6359 | D:7      | Reached skill level 5 in Dodging
  6400 | D:7      | Noticed Duvessa
  6405 | D:7      | Noticed Dowan
  6408 | D:7      | Killed Duvessa
  6409 | D:7      | Gained mutation: A meltable shield of frost defends you.
                  | (SH +0) [demonic ancestry]
  6409 | D:7      | Reached XP level 9. HP: 57/57 MP: 7/16
  6412 | D:7      | Killed Dowan
  6573 | D:7      | Noticed Pikel
  6639 | D:7      | Killed Pikel
  6762 | D:7      | Found a staircase to the Ecumenical Temple.
  6800 | Temple   | Entered the Ecumenical Temple
  6809 | Temple   | Became a worshipper of Vehumet
  7397 | D:8      | Found an ornate altar of the Wu Jian Council.
  7537 | D:8      | Noticed Grum
  7542 | D:8      | Reached skill level 1 in Fighting
  7547 | D:8      | Reached skill level 1 in Armour
  7550 | D:8      | Killed Grum
  7653 | D:8      | Found a sacrificial altar of Ru.
  7738 | D:8      | Reached * piety under Vehumet
  7738 | D:8      | Offered knowledge of Freeze by Vehumet.
  7741 | D:8      | Gained mutation: A meltable icy envelope protects you from
                  | harm. (AC +0) [demonic ancestry]
  7741 | D:8      | Reached XP level 10. HP: 59/66 MP: 3/19
  7898 | D:8      | Found a bloodstained altar of Trog.
  7900 | D:8      | Noticed a moth of wrath
  7923 | D:8      | Noticed GiantSquids's ghost (novice OpSh)
  7929 | D:8      | Found a transporter.
  7932 | D:8      | Found a transporter.
  8004 | D:8      | Noticed a two-headed ogre
  8163 | D:9      | Found a transporter.
  8163 | D:9      | Found a transporter.
  8165 | D:9      | Noticed a boulder beetle
  8437 | D:9      | Noticed Maggie
  8454 | D:9      | HP: 3/68 [Maggie/+1 glaive of flaming (18)]
  8454 | D:9      | Slain by Maggie

Illustrated notes

Levels and vault maps discovered:
D:1:      tarquinn_simple_flora_water_c, layout_loops_ring, serial_shops, shop
D:2:      layout_loops_ring, basic_ecumenical_altar, uniq_crazy_yiuf_cottage
D:3:      layout_loops_corners, serial_shops, nicolae_shop_behind_doors,
          uniq_terence, uniq_robin, uniq_grinder, uniq_jessica
D:4:      layout_loops_corners, fedhas_ov_isle_minmay,
          lemuel_coloured_pillars_altar,
          mainiacjoe_overflow_concentric_impassable, sigmund_army, uniq_menkaure
D:5:      layout_basic, nicolae_hepliaklqana_hippocampus, roderic_malta_cross,
          uniq_edmund
D:6:      layout_rooms
D:7:      layout_basic, mainiacjoe_overflow_big_doors, temple_green,
          st_stairs_4, ebering_dispersal_statue_hall, uniq_duvessa, uniq_pikel
D:8:      layout_loops_ring, mainiacjoe_overflow_surrounded_room,
          nzn_wu_jian_contemplation, gammafunk_ghost_wrathful_warriors,
          uniq_grum
D:9:      gammafunk_boulding_lane, layout_rooms, zin_scriptorium,
          nicolae_tso_swordbearing_angel, uniq_maggie
Temple:   hellmonk_temple_flake

Skill      XL: |  1  2  3  4  5  6  7  8  9 10 |
---------------+-------------------------------+-----
Stealth        | 2 3 4 5 6 |  6.7
Dodging        | 2 3 4 5 6 |  6.2
Fire Magic     | 3 4 5 6 7 |  7.1
Conjurations   | 2 3 4 5 6 7 |  7.2
Spellcasting   | 3 4 5 6 |  6.8
Fighting       | 1 2 |  2.5
Armour         | 1 2 |  2.3

Action                     |  1- 3 |  4- 6 |  7- 9 | 10-12 || total
---------------------------+-------+-------+-------+-------++-------
  Melee: Unarmed           |     8 |     3 |       |       ||    11
         Quarterstaff      |       |     7 |     4 |       ||    11
   Cast: Foxfire           |    60 |    99 |   237 |    29 ||   425
         Scorch            |       |    15 |    33 |     4 ||    52
         Flame Wave        |       |     1 |    10 |     8 ||    19
  Evoke: Wand              |       |       |       |     2 ||     2
    Use: Potion            |       |     2 |     3 |     2 ||     7
         Scroll            |       |       |     3 |       ||     3
 Armour: Robe              |    11 |     6 |    13 |    10 ||    40
  Dodge: Dodged            |    26 |    25 |    49 |    31 ||   131
  Block: Other             |       |       |     4 |     5 ||     9

Table legend: (Time is in decaauts)
 A = Elapsed time spent in this place.
 B = Non-inter-level travel time spent in this place.
 C = Inter-level travel time spent in this place.
 D = Time resting spent in this place.
 E = Time spent auto-exploring this place.
 F = Levels seen in this place.
 G = Mean time per level.
                   A        B        C        D        E       F      G
               +--------+--------+--------+--------+--------+-----+--------+
         Total |   8456 |   8059 |    397 |    154 |   6471 |  10 |  845.6 |
       Dungeon |   8437 |   8056 |    381 |    154 |   6471 |   9 |  937.4 |
        Temple |     18 |      2 |     16 |      0 |      0 |   1 |   18.0 |
               +--------+--------+--------+--------+--------+-----+--------+

Top non-repeatable levels by time:
     D:3: 1222 daAuts
     D:1: 1121 daAuts
     D:7: 1098 daAuts
     D:2: 1045 daAuts
     D:5: 1043 daAuts
     D:8: 975 daAuts
     D:4: 953 daAuts
     D:6: 647 daAuts
     D:9: 330 daAuts
  Temple: 18 daAuts
